 Dungeon Crawl Stone Soup version 0.17.0-24-gcfadda4 (webtiles) character file.

30073 czar the Unseen (level 13, -11/58 HPs)
             Began as a Spriggan Enchanter on Nov 17, 2015.
             Was an Elder of Dithmenos.
             Shot with a bolt by a yaktaur captain (34 damage)
             ... on level 13 of the Dungeon.
             The game lasted 01:01:53 (12831 turns).

czar the Unseen (Spriggan Enchanter)               Turns: 12831, Time: 01:01:54

Health: -11/58     AC:  6    Str: 11    XL:     13   Next: 18%
Magic:  27/37      EV: 33    Int: 17    God:    Dithmenos [****..]
Gold:   764        SH:  7    Dex: 26    Spells: 3 memorised, 27 levels left

rFire  + . .     SeeInvis +     g - +6 dagger (venom)
rCold  . . .     Clarity  .     V - +0 robe "Utreyly" {rPois Str+4} (curse)
rNeg   . . .     SustAt   .     n - +0 buckler
rPois  +         Gourm    .     f - +2 hat
rElec  .         Spirit   .     L - +1 cloak
rCorr  .         Warding  .     (gloves unavailable)
rMut   .         Stasis   .     (boots unavailable)
MR     ++...                    I - amulet of Zihemme {Regen+ Dex+4}
Stlth  ++++++++++               w - ring "Qinumor" {*Confuse rF+ MP+9 Dex+4 SInv}
                                y - ring of stealth

@: wreathed by umbra, very quick, very resistant to hostile enchantments,
uncannily stealthy
A: unfitting armour, see invisible, herbivore 3, speed 3, slow metabolism 2
a: Shadow Step, Renounce Religion


You were on level 13 of the Dungeon.
You worshipped Dithmenos.
Dithmenos was greatly pleased with you.
You were hungry.

You visited 2 branches of the dungeon, and saw 14 of its levels.
You also visited: Ossuary.

You collected 764 gold pieces.

Inventory:

Hand Weapons
 g - a +6 dagger of venom (weapon)
Armour
 b - a +1 robe
 f - a +2 hat (worn)
 n - a +0 buckler (worn)
 L - a +1 cloak (worn)
 N - a +2 robe of fire resistance
 V - the cursed +0 robe "Utreyly" (worn) {rPois Str+4}
   (You found it on level 13 of the Dungeon)

   It affects your strength (+4).
   It protects you from poison.
   It has a curse placed upon it.
Jewellery
 w - the ring "Qinumor" (right hand) {*Confuse rF+ MP+9 Dex+4 SInv}
   (You found it on level 4 of the Dungeon)

   [ring of protection from fire]

   It affects your dexterity (+4).
   It protects you from fire.
   It affects your magic capacity (+9).
   It lets you see invisible.
   It may confuse you when you take damage.
 y - a ring of stealth (left hand)
 F - an uncursed ring of sustain attributes
 G - an uncursed ring of protection from cold
 I - the amulet of Zihemme (around neck) {Regen+ Dex+4}
   (You found it on level 10 of the Dungeon)

   [amulet of regeneration]

   It affects your dexterity (+4).
   It increases your rate of regeneration.
 S - an uncursed ring of fire {unknown}
Wands
 v - a wand of random effects (20)
 B - a wand of draining (3)
 D - a wand of disintegration (14)
 E - a wand of magic darts (24)
 H - a wand of random effects (29)
 J - a wand of digging (18)
 R - a wand of fire (7)
Scrolls
 e - 2 scrolls of enchant armour
 h - 12 scrolls of identify
 o - a scroll of recharging
 p - 2 scrolls of random uselessness
 q - 6 scrolls of remove curse
 u - 5 scrolls of teleportation
 z - 4 scrolls of magic mapping
 A - 4 scrolls of fog
 C - a scroll of amnesia
 K - a scroll of fear
 M - a scroll of blinking {unknown}
 T - a scroll of enchant weapon
 U - a scroll of acquirement {unknown}
 Y - a scroll of vulnerability {unknown}
Potions
 a - 10 potions of curing
 i - a potion of flight
 j - 3 potions of might
 l - 3 potions of heal wounds
 m - 2 potions of haste {unknown}
 s - 2 potions of ambrosia
 t - a potion of agility
 x - a potion of berserk rage
 O - a potion of resistance {unknown}
 P - 2 potions of magic {unknown}
 X - a potion of brilliance {unknown}
Books
 c - a book of Maledictions

   Spells                             Type                      Level
   a - Corona                         Hexes                        1
   b - Ensorcelled Hibernation        Hexes/Ice                    2
   c - Confuse                        Hexes                        3
   d - Tukima's Dance                 Hexes                        3
   e - Dazzling Spray                 Conjuration/Hexes            3
 k - a book of Frost

   Spells                             Type                      Level
   a - Freeze                         Ice                          1
   b - Throw Frost                    Conjuration/Ice              2
   c - Ozocubu's Armour               Charms/Ice                   3
   d - Throw Icicle                   Conjuration/Ice              4
   e - Summon Ice Beast               Ice/Summoning                4
   f - Condensation Shield            Ice                          4
 Q - a Young Poisoner's Handbook

   Spells                             Type                      Level
   a - Sting                          Conjuration/Poison           1
   b - Cure Poison                    Poison                       2
   c - Mephitic Cloud                 Conjuration/Poison/Air       3
   d - Olgreb's Toxic Radiance        Poison                       4
   e - Venom Bolt                     Conjuration/Poison           5
Comestibles
 d - 9 bread rations
 r - 20 fruits
 W - a royal jelly


   Skills:
 + Level 2.2 Fighting
 + Level 9.6 Short Blades
 + Level 5.5 Armour
 + Level 12.4 Dodging
 + Level 17.7 Stealth
 + Level 10.8 Spellcasting
 + Level 11.3 Hexes


You had 27 spell levels left.
You knew the following spells:

 Your Spells              Type           Power        Failure   Level  Hunger
a - Corona                Hex            #####..      1%          1    None
b - Ensorcelled Hibernat  Hex/Ice        ####..       1%          2    None
c - Confuse               Hex            #####...     1%          3    None


Dungeon Overview and Level Annotations

Branches:
Dungeon (13/15)            Temple (1/1) D:5            Lair (0/8) D:8
    Orc (0/4) D:9
 Vaults: D:13-14

Altars:
Ashenzari
Cheibriados
Dithmenos
Elyvilon
Fedhas
Kikubaaqudgha
Makhleb
Nemelex Xobeh
Qazlal
Sif Muna
Trog
Vehumet
Xom
Yredelemnul
Zin
The Shining One
Beogh

Shops:
D:8 *   D:9 :


Innate Abilities, Weirdness & Mutations

You are tiny and cannot use many weapons and most armour.
You have supernaturally acute eyesight.
You are a herbivore.
You cover ground extremely quickly.
You need consume almost no food.


Message History

You see here a manticore corpse.
Casting: Confuse
Confirm with . or Enter, or press ? or * to list all spells.
Aiming: Confuse
Press: ? - help, Shift-Dir - straight line, f - yaktaur captain
Aim: a yaktaur captain, wielding an arbalest (lightly wounded, hasn't noticed you, chance to defeat MR: 36%)
The yaktaur captain shouts!
The yaktaur captain easily resists.
The yaktaur captain shoots a bolt.
The bolt hits you!!
Ouch! That really hurt!
You emit a cloud of dark smoke.
Casting: Confuse
Confirm with . or Enter, or press ? or * to list all spells.
Aiming: Confuse
Press: ? - help, Shift-Dir - straight line, f/p - yaktaur captain
Aim: a yaktaur captain, wielding an arbalest (lightly wounded, chance to defeat MR: 36%)
The yaktaur captain easily resists.
The yaktaur captain shoots a bolt.
The bolt hits you!!
Ouch! That really hurt!
You die...

#...........Q..c......## #..
.......................# #..
..................c....###..
.......................)##..
...................(...###..
.......................# #..
##?......§§§...(...#### #..
#####...§§§...##### #..
###.§@§.############..
##.§.## #.......... ##...##
####.##..## #.....# #.##....
##)..## #.(..... ##[##
####.### ####.####### #.#
#..........# #.#
#..........######.#


You could see a yaktaur captain.

Vanquished Creatures
  A tengu reaver (D:13)
  A fire giant (D:13)
  A very ugly thing (D:13)
  A deep elf high priest (D:13)
  A centaur warrior (D:13)
  A queen ant (D:10)
  A skeletal warrior (D:12)
  An unseen horror (shapeshifter) (D:13)
  8 hill giants
  A necromancer (D:12)
  An ugly thing (D:10)
  2 cyclopes (D:12)
  2 manticores (D:13)
  7 centaur zombies (D:12)
  Maurice (D:8)
  2 komodo dragons (D:13)
  A troll (D:13)
  A wraith (D:12)
  A trapdoor spider (D:10)
  Sigmund (D:3)
  2 flying skulls (D:12)
  A hippogriff (D:11)
  A wyvern (D:9)
  4 shadows
  7 yaks
  2 vampire mosquitoes (D:13)
  A steam dragon (D:12)
  2 mottled dragons
  The ghost of Ohshi the Conjurer, an amateur DECj (D:4)
  4 sky beasts
  Duvessa (D:4)
  A water moccasin (D:9)
  6 ice beasts
  14 soldier ants
  An eye of draining (D:11)
  11 orc warriors
  A black bear (D:9)
  A phantom (D:5)
  5 centaurs
  2 crocodiles
  5 ogres
  2 elf zombies (Ossuary)
  2 necrophages
  Blork the orc (D:4)
  A big kobold (shapeshifter) (D:13)
  3 big kobolds
  Dowan (D:3)
  5 giant frogs
  3 wyvern skeletons
  4 scorpions
  15 wights
  7 killer bees
  An electric eel (D:12)
  5 giant frog zombies
  3 crimson imps
  2 quasits
  7 hounds
  A human zombie (Ossuary)
  5 centaur skeletons
  4 jellies
  6 orc priests
  An iguana (D:5)
  Jessica (D:3)
  6 giant frog skeletons
  8 orc wizards
  40 worker ants
  A big kobold zombie (Ossuary)
  4 hound zombies
  A hound skeleton (D:6)
  2 mummies (Ossuary)
  Robin (D:3)
  A worker ant zombie (D:6)
  15 adders
  7 gnolls
  2 oozes
  6 adder zombies
  4 giant geckos
  42 orcs
  3 ball pythons
  4 bats
  2 giant cockroaches
  16 goblins
  9 hobgoblins
  8 jackals
  13 kobolds
  5 quokkas
  A giant gecko skeleton (D:7)
  4 giant newts
  2 goblin zombies
  17 hobgoblin zombies
  11 kobold zombies
  2 orc skeletons (D:5)
  8 orc zombies
  A quokka skeleton (D:4)
  12 rats
447 creatures vanquished.

Notes
Turn   | Place    | Note
--------------------------------------------------------------
     0 | D:1      | czar the Spriggan Enchanter began the quest for the Orb.
     0 | D:1      | Reached XP level 1. HP: 9/9 MP: 5/5
   162 | D:1      | Reached XP level 2. HP: 13/13 MP: 6/6
   255 | D:1      | Learned a level 2 spell: Ensorcelled Hibernation
   639 | D:2      | Reached skill level 5 in Stealth
   740 | D:2      | Reached XP level 3. HP: 8/16 MP: 8/8
  1087 | D:2      | Found a bloodstained altar of Trog.
  1224 | D:2      | Reached XP level 4. HP: 21/21 MP: 2/9
  1300 | D:2      | Found a sparkling altar of Nemelex Xobeh.
  1794 | D:3      | Noticed Sigmund
  1800 | D:3      | Killed Sigmund
  1800 | D:3      | Reached skill level 6 in Stealth
  1800 | D:3      | Reached XP level 5. HP: 19/24 MP: 3/11
  1928 | D:3      | Learned a level 3 spell: Confuse
  1996 | D:3      | Reached XP level 6. HP: 28/28 MP: 12/12
  2276 | D:3      | Reached skill level 7 in Stealth
  2723 | D:3      | Noticed Robin
  2731 | D:3      | Killed Robin
  2733 | D:3      | Reached skill level 5 in Hexes
  2855 | D:3      | Noticed Jessica
  2862 | D:3      | Killed Jessica
  3003 | D:4      | Noticed Duvessa
  3012 | D:4      | Noticed Dowan
  3023 | D:4      | Killed Duvessa
  3023 | D:4      | Reached skill level 5 in Dodging
  3023 | D:4      | Reached skill level 8 in Stealth
  3023 | D:4      | Reached XP level 7. HP: 26/32 MP: 7/14
  3221 | D:3      | Killed Dowan
  3318 | D:4      | Found a deep blue altar of Sif Muna.
  3355 | D:4      | Noticed Ohshi's ghost (amateur DECj)
  3361 | D:4      | Killed Ohshi's ghost
  3373 | D:4      | Found a sand-covered staircase.
  3394 | Ossuary  | Entered an ossuary
  3625 | Ossuary  | Reached skill level 9 in Stealth
  3989 | D:4      | Noticed Blork the orc
  4002 | D:4      | Killed Blork the orc
  4002 | D:4      | Reached skill level 5 in Spellcasting
  4002 | D:4      | Reached XP level 8. HP: 36/36 MP: 6/16
  4061 | D:4      | Got a scorched golden ring
  4189 | D:4      | Identified the ring "Qinumor" {*Confuse rF+ MP+9 Dex+4 SInv} (You found it on level 4 of the Dungeon)
  4475 | D:5      | Entered Level 5 of the Dungeon
  4487 | D:5      | Reached skill level 10 in Stealth
  4521 | D:5      | Found a staircase to the Ecumenical Temple.
  4688 | D:5      | Found a glowing golden altar of the Shining One.
  4874 | D:5      | Reached skill level 5 in Short Blades
  4874 | D:5      | Reached skill level 11 in Stealth
  5367 | D:6      | Found a shattered altar of Ashenzari.
  5383 | D:6      | Reached XP level 9. HP: 39/39 MP: 19/19
  5974 | D:7      | Found a shimmering altar of Xom.
  5975 | D:7      | Found a shimmering altar of Xom.
  5976 | D:7      | Found a shimmering altar of Xom.
  6010 | D:7      | Reached skill level 1 in Armour
  6207 | D:7      | Found a shimmering altar of Xom.
  6207 | D:7      | Found a shimmering altar of Xom.
  6208 | D:7      | Found a shimmering altar of Xom.
  6208 | D:7      | Found a shimmering altar of Xom.
  6208 | D:7      | Found a shimmering altar of Xom.
  6310 | D:8      | Reached skill level 12 in Stealth
  6456 | D:8      | Noticed Maurice
  6477 | D:8      | Killed Maurice
  6575 | D:8      | Found a radiant altar of Vehumet.
  6579 | D:8      | Found a white marble altar of Elyvilon.
  6582 | D:8      | Found a stormy altar of Qazlal.
  6632 | D:8      | Found Usuni's Assorted Antiques.
  6719 | D:8      | Found a staircase to the Lair.
  7188 | D:9      | Found a roughly hewn altar of Beogh.
  7260 | D:9      | Reached skill level 13 in Stealth
  7260 | D:9      | Reached XP level 10. HP: 25/44 MP: 21/21
  7317 | D:9      | Found a staircase to the Orcish Mines.
  7699 | D:9      | Found Eseok's Book Shop.
  8544 | Temple   | Entered the Ecumenical Temple
  8674 | Temple   | Became a worshipper of Dithmenos the Shadowed
  8798 | D:10     | Entered Level 10 of the Dungeon
  8828 | D:10     | Got a translucent pewter amulet
  8831 | D:10     | Identified the amulet of Zihemme {Regen+ Dex+4} (You found it on level 10 of the Dungeon)
  8854 | D:10     | Noticed a hill giant
  8888 | D:10     | Killed a hill giant
  8928 | D:10     | Noticed a queen ant
  8942 | D:10     | Reached skill level 14 in Stealth
  8968 | D:10     | Killed a queen ant
  8968 | D:10     | Reached skill level 10 in Dodging
  9152 | D:10     | Reached * piety under Dithmenos
  9196 | D:10     | Reached XP level 11. HP: 47/47 MP: 24/24
  9440 | D:10     | Reached ** piety under Dithmenos
  9817 | D:10     | Noticed a hill giant
  9845 | D:10     | Killed a hill giant
  9845 | D:10     | Reached skill level 15 in Stealth
  9862 | D:10     | Noticed a hill giant
  9874 | D:10     | Killed a hill giant
 10578 | D:11     | Reached *** piety under Dithmenos
 10765 | D:11     | Noticed a hill giant
 10771 | D:11     | Killed a hill giant
 10870 | D:11     | Found a stormy altar of Qazlal.
 10883 | D:11     | Noticed a hill giant
 10894 | D:11     | Killed a hill giant
 11088 | D:12     | Reached skill level 10 in Hexes
 11178 | D:12     | Reached skill level 16 in Stealth
 11195 | D:12     | Noticed a skeletal warrior
 11214 | D:12     | Killed a skeletal warrior
 11214 | D:12     | Reached XP level 12. HP: 51/51 MP: 11/26
 11267 | D:12     | Noticed a necromancer
 11269 | D:12     | Killed a necromancer
 11722 | D:12     | Reached **** piety under Dithmenos
 11847 | D:13     | Reached skill level 17 in Stealth
 11847 | D:13     | Reached skill level 10 in Spellcasting
 11977 | D:13     | Got an ichor-stained robe
 11988 | D:13     | Identified the cursed +0 robe "Utreyly" {rPois Str+4} (You found it on level 13 of the Dungeon)
 12072 | D:13     | Noticed a centaur warrior
 12105 | D:13     | Killed a centaur warrior
 12123 | D:13     | Reached skill level 5 in Armour
 12277 | D:13     | Found a stormy altar of Qazlal.
 12351 | D:13     | Reached skill level 1 in Fighting
 12573 | D:13     | Noticed a deep elf high priest
 12609 | D:13     | Killed a deep elf high priest
 12682 | D:13     | Noticed a fire giant
 12689 | D:13     | Killed a fire giant
 12689 | D:13     | Reached XP level 13. HP: 52/58 MP: 28/28
 12704 | D:13     | Noticed a white very ugly thing
 12704 | D:13     | Noticed a centaur warrior
 12710 | D:13     | Noticed a yaktaur captain
 12711 | D:13     | Noticed a tengu reaver
 12725 | D:13     | Killed a white very ugly thing
 12825 | D:13     | Killed a tengu reaver
 12831 | D:13     | Shot with a bolt by a yaktaur captain

Action                   |  1- 3 |  4- 6 |  7- 9 | 10-12 | 13-15 || total
-------------------------+-------+-------+-------+-------+-------++-------
Melee: Dagger            |   132 |   139 |   410 |   676 |    11 ||  1368
 Cast: Ensorcelled Hiber |     7 |    16 |    31 |    65 |     2 ||   121
       Confuse           |       |     1 |    29 |    86 |     9 ||   125
  Use: Scroll            |     4 |     1 |     6 |     6 |       ||    17
       Potion            |       |       |     7 |     1 |       ||     8
 Stab: Sleeping          |    19 |    17 |    45 |    79 |       ||   160
       Confused          |       |       |    19 |    55 |     5 ||    79
       Distracted        |       |       |     1 |     3 |       ||     4
  Eat: Pizza             |       |     1 |       |       |       ||     1
       Fruit             |       |       |     4 |     4 |       ||     8
       Bread ration      |       |       |     1 |       |       ||     1
